 Dungeon Crawl Stone Soup version 0.30-a0-634-g8abc85282e (webtiles) character file.

Game seed: 15088365181345541844

32 wormed the Grave Robber (level 3, -2/28 HPs)
             Began as a Gnoll Wanderer on Jan 14, 2023.
             Slain by an orc
             ... wielding a +0 flail
              (8 damage)
             ... on level 3 of the Dungeon.
             The game lasted 00:01:25 (1673 turns).

wormed the Grave Robber (Gnoll Wanderer)            Turns: 1673, Time: 00:01:26

Health: -2/28      AC:  4    Str: 14    XL:     3   Next: 25%
Magic:  9/9        EV: 11    Int: 10    God:
Gold:   159        SH:  3    Dex: 11    Spells: 12/12 levels left

rFire   . . .      SeeInvis .    a - +0 hand axe
rCold   . . .      Faith    .    g - +0 buckler
rNeg    . . .      Spirit   .    d - +0 leather armour
rPois   .          Reflect  .    (no helmet)
rElec   .          Harm     .    (no cloak)
rCorr   .          Rampage  .    (no gloves)
Will    .....                    b - +0 pair of boots
Stlth   ++                       (no amulet)
HPRegen 0.24/turn                (no ring)
MPRegen 0.11/turn                (no ring)

@: no status effects
A: fangs 1, strong nose, distributed training
a: no special abilities


You were on level 3 of the Dungeon.
You visited 1 branch of the dungeon, and saw 3 of its levels.

You collected 159 gold pieces.

Inventory:

Hand Weapons
 a - a +0 hand axe (weapon)
Armour
 b - a +0 pair of boots (worn)
 d - a +0 leather armour (worn)
 g - a +0 buckler (worn)
Jewellery
 e - a +6 ring of dexterity
 i - a +6 ring of dexterity
 j - an amulet of faith
Scrolls
 f - a scroll of torment {unknown}
 h - a scroll of magic mapping {unknown}
 m - a scroll of noise {unknown}
 n - 2 scrolls of identify {unknown}
 o - a scroll of blinking {unknown}
Potions
 c - 2 potions of curing
 k - a potion of degeneration {unknown}
 l - 2 potions of mutation {unknown}
 p - a potion of resistance {unknown}


   Skills:
 + Level 2.6 Fighting
 + Level 0.7 Short Blades
 + Level 0.7 Long Blades
 + Level 2.6 Axes
 + Level 0.7 Maces & Flails
 + Level 0.7 Polearms
 + Level 0.7 Staves
 + Level 0.7 Ranged Weapons
 + Level 0.7 Throwing
 + Level 2.6 Armour
 + Level 2.6 Dodging
 + Level 2.3 Stealth
 + Level 0.7 Shields
 + Level 0.7 Unarmed Combat
 + Level 5.0 Spellcasting
 + Level 0.5 Conjurations
 + Level 0.5 Hexes
 + Level 0.5 Summonings
 + Level 5.4 Necromancy
 + Level 0.5 Translocations
 + Level 0.5 Transmutations
 + Level 0.5 Fire Magic
 + Level 0.5 Ice Magic
 + Level 0.5 Air Magic
 + Level 0.5 Earth Magic
 + Level 0.5 Poison Magic
 + Level 0.9 Invocations
 + Level 0.7 Evocations


You had 12 spell levels left.
You didn't know any spells.
Your spell library contained the following spells:

 Spells                   Type           Power      Damage    Failure   Level
 Necrotise                Necr           52%        1d6       4%          1
 Kiss of Death            Conj/Necr      32%        2d7       12%         1
 Animate Dead             Necr           13%        N/A       38%         4


Dungeon Overview and Level Annotations

Branches:
Dungeon (3/15)

Altars:
Vehumet


Innate Abilities, Weirdness & Mutations

You have very sharp teeth.
Your uncanny sense of smell can sniff out nearby items.
Your experience applies equally to all skills.


Message History

The orc hits you with a +0 flail.
You are too injured to fight recklessly!
Sorry, you're not good enough to have a special ability.
You barely miss the orc priest.
The orc priest is moderately wounded.
You hit the orc but do no damage.
The orc priest hits you from afar with a +0 trident.
The orc closely misses you. The orc priest closely misses you.
You feel better.
The orc priest hits you with a +0 hand axe.
The orc priest barely misses you. The orc hits you with a +0 flail.
* * * LOW HITPOINT WARNING * * *
You feel better.
The orc priest hits you with a +0 hand axe.
The orc priest hits you but does no damage.
The orc hits you with a +0 flail.
You feel better.
The orc priest calls upon Beogh to heal the orc.
The orc's wounds heal themselves!
The orc priest barely misses you. You block the orc's attack.
An orc comes into view. It is wielding a +0 falchion.
You hit the orc priest but do no damage.
The orc priest is moderately wounded.
You hit the orc but do no damage. You block the orc priest's attack.
The orc priest barely misses you. The orc hits you with a +0 flail.
You block the orc priest's attack. The orc priest closely misses you.
The orc hits you with a +0 flail.
You hit the orc priest.
The orc priest is severely wounded.
You hit the orc but do no damage.
The orc priest hits you from afar with a +0 trident.
The orc hits you with a +0 flail.
* * * LOW HITPOINT WARNING * * *
You closely miss the orc priest.
The orc priest is severely wounded.
You hit the orc but do no damage. The orc priest barely misses you.
The orc priest hits you from afar with a +0 trident.
* * * LOW HITPOINT WARNING * * *
The orc hits you with a +0 flail!
You die...

.). ... .. ∆ ...
... #.###...
#.#... ..
########.#.##.#
.....o.o......#
#..oo@...#
....####.#######
# #.#.....)
#......##
#........
#.......#
#...[...#
#.#.##... ∆#
#.#.# #..


You could see 2 orc priests and 2 orcs.

Vanquished Creatures
  A dart slug (D:1)
  An orc (D:3)
  4 bats
  2 endoplasms (D:1)
  A giant cockroach (D:2)
  4 goblins
  3 hobgoblins
  A quokka (D:2)
  A ball python (D:2)
  7 kobolds
  2 rats (D:1)
27 creatures vanquished.

Notes
Turn   | Place    | Note
-------+----------+-------------------------------------------
     0 | D:1      | wormed the Gnoll Wanderer began the quest for the Orb.
     0 | D:1      | wormed set off with the following items: a +0 hand axe, a
                  | +0 pair of boots, a potion of curing, a +0 leather armour;
                  | and the following spells available to memorise: Necrotise,
                  | Kiss of Death, Animate Dead.
     0 | D:1      | Reached XP level 1. HP: 17/17 MP: 6/6
   201 | D:1      | Reached XP level 2. HP: 16/23 MP: 7/7
  1094 | D:2      | Reached skill level 5 in Spellcasting
  1094 | D:2      | Reached XP level 3. HP: 28/28 MP: 7/9
  1642 | D:3      | Found a radiant altar of Vehumet.
  1673 | D:3      | Slain by an orc

Illustrated notes

Levels and vault maps discovered:
D:1:      minmay_arrival_plants_in_alcoves, layout_loops_corners
D:2:      layout_basic, serial_glass, glass_columns_a, glass_columns_b,
          glass_columns_a
D:3:      layout_basic, mainiacjoe_overflow_small_starburst, minmay_bisected

Skill      XL: |  1  2 |
---------------+-------+-----
Spellcasting   | 5 |  5.0
Fighting       | |  2.6
Short Blades   | |  0.7
Long Blades    | |  0.7
Axes           | |  2.6
Maces & Flails | |  0.7
Polearms       | |  0.7
Staves         | |  0.7
Ranged Weapons | |  0.7
Throwing       | |  0.7
Armour         | |  2.6
Dodging        | |  2.6
Stealth        | |  2.3
Shields        | |  0.7
Unarmed Combat | |  0.7
Conjurations   | |  0.5
Hexes          | |  0.5
Summonings     | |  0.5
Necromancy     | |  5.4
Translocations | |  0.5
Transmutations | |  0.5
Fire Magic     | |  0.5
Ice Magic      | |  0.5
Air Magic      | |  0.5
Earth Magic    | |  0.5
Poison Magic   | |  0.5
Invocations    | |  0.9
Evocations     | |  0.7

Action                   || total
-------------------------++-------
Melee: Hand axe          ||    97
       Bite              ||     4
  Use: Potion            ||     3
 Stab: Sleeping          ||     5
Armor: Leather armour    ||    23
Dodge: Dodged            ||    55
Block: Buckler           ||    10

Table legend: (Time is in decaauts)
 A = Elapsed time spent in this place.
 B = Non-inter-level travel time spent in this place.
 C = Inter-level travel time spent in this place.
 D = Time resting spent in this place.
 E = Time spent auto-exploring this place.
 F = Levels seen in this place.
 G = Mean time per level.
                   A        B        C        D        E       F      G
               +--------+--------+--------+--------+--------+-----+--------+
         Total |   1693 |   1608 |     85 |      0 |   1348 |   3 |  564.3 |
       Dungeon |   1693 |   1608 |     85 |      0 |   1348 |   3 |  564.3 |
               +--------+--------+--------+--------+--------+-----+--------+

Top non-repeatable levels by time:
     D:1: 919 daAuts
     D:2: 669 daAuts
     D:3: 103 daAuts
